 Dungeon Crawl Stone Soup version 0.29.0-15-g675c0067aa (webtiles) character file.

Game seed: 1761207759122352167

78250 qw the Severer (level 15, -3/144 HPs)
             Began as a Minotaur Berserker on Sept 12, 2022.
             Was an Elder of Trog.
             Slain by an orc warrior
             ... wielding a +0 war axe
              (6 damage)
             ... on level 1 of the Orcish Mines.
             The game lasted 00:09:18 (27670 turns).

qw the Severer (Minotaur Berserker)                Turns: 27670, Time: 00:09:19

Health: -3/144     AC: 25    Str: 27    XL:     15   Next: 17%
Magic:  12/12      EV:  8    Int:  8    God:    Trog [****..]
Gold:   1055       SH: 22    Dex: 10    Spells: 14/14 levels left

rFire   . . .      SeeInvis .   k - +4 broad axe
rCold   + . .      Faith    .   q - +0 tower shield
rNeg    . . .      Spirit   .   w - +2 plate armour {rPois}
rPois   +          Reflect  +   (helmet restricted)
rElec   .          Harm     .   m - +0 cloak
rCorr   .          Rampage  .   n - +2 pair of gloves
Will    ++++.                   o - +0 pair of boots
Stlth   ..........              v - amulet of reflection
HPRegen 1.34/turn               p - ring of protection from cold
MPRegen 0.13/turn               c - ring of willpower

@: about to teleport, strong-willed, on berserk cooldown, regenerating, slowed,
very slow
A: horns 2, retaliatory headbutt, clever 1, low MP 1, wild magic 1
a: Renounce Religion, Berserk, Trog's Hand, Brothers in Arms


You were on level 1 of the Orcish Mines.
You worshipped Trog.
Trog was greatly pleased with you.
You visited 3 branches of the dungeon, and saw 21 of its levels.
You also visited: Ossuary.

You collected 1729 gold pieces.
You spent 674 gold pieces at shops.


Innate Abilities, Weirdness & Mutations

You have a pair of horns on your head.
You reflexively headbutt those who attack you in melee.
Your mind is acute. (Int +4, Str/Dex -1)
Your magical capacity is low. (-10% MP)
Your spells are a little harder to cast, but a little more powerful.


   Skills:
 - Level 16.2 Fighting
 - Level 18.0 Axes
 - Level 4.4 Throwing
 - Level 14.6 Armour
 - Level 6.0 Dodging
 + Level 15.0 Shields


You had 14 spell levels left.
You didn't know any spells.
Your spell library was empty.

Inventory:

Hand Weapons
 k - a +4 broad axe (weapon)
 u - a +3 morningstar
Armour
 f - the +0 chain mail "Iploshrece" {rF+++ Str-3 SInv Stlth+}
   (You found it on level 1 of the Lair of Beasts)

   Str:       It affects your strength (-3).
   rF:        It renders you almost immune to fire.
   SInv:      It lets you see invisible.
   Stlth:     It makes you more stealthy.
 l - a +0 cloak of poison resistance
 m - a +0 cloak (worn)
 n - a +2 pair of gloves (worn)
 o - a +0 pair of boots (worn)
 q - a +0 tower shield (worn)
 w - a +2 plate armour of poison resistance (worn)
 x - a +2 chain mail of fire resistance
Jewellery
 c - a ring of willpower (right hand)
 p - a ring of protection from cold (left hand)
 t - a ring of protection from cold
 v - an amulet of reflection (around neck)
Scrolls
 g - 13 scrolls of teleportation
 h - 12 scrolls of identify
Potions
 a - a potion of cancellation
 b - 5 potions of haste
 e - 3 potions of curing
 i - a potion of resistance
 j - a potion of might
 r - 6 potions of mutation

Dungeon Overview and Level Annotations

Branches:
Dungeon (15/15)            Temple (0/1) D:7            Lair (5/5) D:9
  Swamp (0/4) Lair:2       Spider (0/4) Lair:2        Slime (0/5) Lair:4
    Orc (1/2) D:9          Vaults (0/5) D:13         Depths (0/4) D:15
Ossuary (visited)

Altars:
Dithmenos
Fedhas
Hepliaklqana
Kikubaaqudgha
Makhleb
Nemelex Xobeh
Okawaru
Qazlal
Ru
Trog
Uskayaw
Vehumet
Wu Jian
Yredelemnul
Zin
Jiyva

Shops:
D:7 *   D:10 **   D:14 ?

Annotations:
D:10 3 runed translucent doors, Plog's ghost, journeyman KoBr; Vadot's ghost, journeyman TrCA; qw's ghost, novice MiBe
Lair:5 3 runed translucent doors, qw's ghost, journeyman TeWr


Message History

The orc hits you from afar with a +0 trident.
The orc priest mumbles some strange prayers to Beogh against you.
Beogh smites you!
The orc throws a stone.
You reflect the stone off an invisible shield around you!
The stone hits the orc.
You slice the orc priest!!
You kill the orc priest!
Trog accepts your kill.
You slash the orc!
You kill the orc!
Trog accepts your kill.
You are no longer berserk.
You are exhausted.
You feel yourself slow down. You block the orc's attack.
Items here: %%%% ))))))))))) [[[[[.
27669 ||| READING 14 scrolls of teleportation.
As you read the scroll of teleportation, it crumbles to dust.
You feel strangely unstable.
The orc no longer looks unusually strong.
You block the orc priest's attack.
The orc warrior hits you with a +0 war axe!
You block the orc's attack. You block the orc warrior's attack. x2
The orc priest begins to cast a cantrip, but forgets the words!
The orc priest hits you but does no damage.
An orc priest comes into view.
It is wielding a +0 flail and wearing a +1 leather armour of poison resistance.
An orc knight comes into view. It is wielding a +1 great mace.
The orc barely misses you.
You barely miss the orc warrior.
The orc knight shouts!
Your headbutt misses the orc warrior.
You hit the orc warrior but do no damage.
You hit the orc priest. You hit the orc warrior.
The orc warrior no longer looks unusually strong.
You block the orc warrior's attack.
The orc throws a stone.
You reflect the stone off an invisible shield around you!
The stone hits the orc but does no damage.
You block the orc's attack.
The orc warrior hits you with a +0 scimitar!
The orc warrior hits you with a +0 war axe.
You die...

.........#
.. ........#
...
.......##...
.........o.
......#...
.oo......
#oo..oo..
#@oo..o..
#ooo..o..
##)o.....
.....o.
.......
..#.#..
.....##
###.## #


You could see an orc knight, 5 orc warriors, 2 orc priests and 8 orcs.

Vanquished Creatures
  Agnes (D:15)
  An orc warlord (Orc:1)
  Snorg (D:13)
  A fire dragon (Lair:1)
  3 vault guards (D:13)
  3 hydras
  An ogre mage (D:15)
  A boulder beetle (D:15)
  12 two-headed ogres
  A centaur warrior (D:13)
  3 death yaks (Lair:3)
  2 tengu warriors
  3 wizards (D:15)
  A deep elf pyromancer (D:14)
  A wolf spider (D:15)
  A necromancer (D:15)
  2 orc sorcerers
  9 ugly things
  2 cyclopes
  2 manticores
  A wolf spider zombie (D:15)
  15 elephants
  6 black mambas
  A centaur skeleton (D:15)
  9 cane toads
  A kobold demonologist (D:12)
  A gargoyle (D:12)
  A torpor snail (Lair:3)
  A tengu conjurer (D:14)
  8 komodo dragons
  2 efreet
  5 trolls
  3 meliai (D:14)
  2 polar bears (Lair:5)
  A polar bear (shapeshifter) (D:13)
  5 hornets (Lair:5)
  8 blink frogs
  A tarantella (shapeshifter) (D:13)
  8 slime creatures
  A dream sheep (Lair:5)
  Sigmund (D:6)
  A centaur simulacrum (D:15)
  13 spriggans (Lair:5)
  A vampire (D:12)
  A shadow (D:10)
  4 wyverns
  2 basilisks
  5 humans (D:13)
  A wraith (D:11)
  A golden eye (shapeshifter) (D:13)
  57 yaks
  17 vampire mosquitoes
  4 steam dragons
  A warg (Orc:1)
  15 water moccasins
  An acid dragon (D:11)
  7 orc warriors
  A hornet zombie (D:15)
  2 ice beasts (D:6)
  A meliai simulacrum (D:15)
  10 black bears
  2 ogres
  10 centaurs
  37 wolves
  2 boggarts (Lair:5)
  A phantom (D:6)
  3 bullfrogs
  6 kobold brigands
  6 gnoll sergeants
  2 scorpions
  A necrophage (D:4)
  A water moccasin zombie (D:5)
  15 wights
  9 killer bees
  An electric eel (Lair:4)
  13 howler monkeys
  A crimson imp (D:9)
  2 bullfrog zombies (D:5)
  4 centaur zombies
  3 human zombies
  5 hounds
  A gnoll bouda (D:6)
  11 orc priests
  An iguana (D:6)
  Natasha (thrice) (D:2)
  11 orc wizards
  A scorpion zombie (D:5)
  5 hell rats (Lair:4)
  A hound zombie (Ossuary)
  7 mummies
  16 gnolls
  2 adders
  2 white imps
  An ufetubus (D:5)
  3 worms
  3 adder zombies (Ossuary)
  A dart slug (D:1)
  46 orcs
  9 endoplasms
  A giant cockroach (D:3)
  2 gnoll zombies (Ossuary)
  9 hobgoblins
  8 jackals
  4 quokkas
  5 ball pythons
  7 bats
  4 frilled lizards
  10 goblins
  4 goblin zombies (Ossuary)
  3 hobgoblin zombies (Ossuary)
  5 jackal zombies (Ossuary)
  19 kobolds
  5 kobold zombies (Ossuary)
  An orc zombie (Ossuary)
  4 quokka zombies (Ossuary)
  10 rats
  A rat zombie (Ossuary)
  A spectral hobgoblin (D:1)
628 creatures vanquished.

Vanquished Creatures (collateral kills)
  2 hydras
  A vault guard (D:13)
  A gargoyle (D:14)
  2 spriggans (Lair:5)
  2 humans (D:13)
  2 vampire mosquitoes (Lair:2)
  A boggart (Lair:5)
11 creatures vanquished.

Vanquished Creatures (others)
  A vault guard (D:13)
  A yak (D:10)
  30 fungi
  43 plants
75 creatures vanquished.

Grand Total: 714 creatures vanquished

Notes
Turn   | Place    | Note
-------+----------+-------------------------------------------
     0 | D:1      | qw the Minotaur Berserker began the quest for the Orb.
     0 | D:1      | Reached XP level 1. HP: 19/19 MP: 0/0
     0 | D:1      | 0 ||| qw: Version: 0.1-a-119-g272c26d
     0 | D:1      | 0 ||| qw: Game counter: 10949
     0 | D:1      | 0 ||| qw: Always use a shield: true
     0 | D:1      | 0 ||| qw: Do Orc after D:15 true
     0 | D:1      | 0 ||| qw: Do second Lair branch before Depths: true
     0 | D:1      | 0 ||| qw: Lair rune preference: random
     0 | D:1      | 0 ||| qw: Plans: Normal
     0 | D:1      | 0 ||| PLANNING D:1-11
    37 | D:1      | 37 ||| Stepping ~*~*~tactically~*~*~ (hiding).
    67 | D:1      | 67 ||| Stepping ~*~*~tactically~*~*~ (hiding).
    73 | D:1      | Reached skill level 4 in Axes
   384 | D:1      | Reached XP level 2. HP: 26/26 MP: 1/1
   755 | D:1      | 755 ||| DROPPING +0 club.
   782 | D:1      | Reached skill level 5 in Axes
   849 | D:1      | 849 ||| Stepping ~*~*~tactically~*~*~ (stealth).
   852 | D:1      | Reached XP level 3. HP: 31/31 MP: 2/2
   926 | D:1      | Found a faded altar of an unknown god.
   959 | D:1      | Reached ** piety under Trog
  1057 | D:1      | 1057 ||| UPGRADING to +0 leather armour.
  1067 | D:1      | 1067 ||| DROPPING +0 animal skin.
  1068 | D:1      | 1068 ||| UPGRADING to +0 ring mail.
  1078 | D:1      | 1078 ||| DROPPING +0 leather armour.
  1079 | D:1      | 1079 ||| UPGRADING to ring of protection from cold.
  1080 | D:1      | 1080 ||| READING 2 scrolls labelled COEMPY VATH.
  1113 | D:2      | Noticed Natasha
  1115 | D:2      | 1115 ||| Stepping ~*~*~tactically~*~*~ (hiding).
  1120 | D:2      | 1120 ||| INVOKING Berserk.
  1123 | D:2      | Killed Natasha
  1204 | D:2      | Noticed Natasha
  1205 | D:2      | 1205 ||| Stepping ~*~*~tactically~*~*~ (stealth).
  1206 | D:2      | 1206 ||| Stepping ~*~*~tactically~*~*~ (stealth).
  1208 | D:2      | 1208 ||| Stepping ~*~*~tactically~*~*~ (hiding).
  1209 | D:2      | 1209 ||| Stepping ~*~*~tactically~*~*~ (hiding).
  1211 | D:2      | 1211 ||| INVOKING Berserk.
  1212 | D:2      | Killed Natasha
  1213 | D:2      | Reached XP level 4. HP: 39/39 MP: 3/3
  1347 | D:2      | Found a stormy altar of Qazlal.
  1485 | D:2      | Noticed Natasha
  1650 | D:2      | 1650 ||| INVOKING Berserk.
  1651 | D:2      | Killed Natasha
  1652 | D:2      | Reached skill level 6 in Axes
  1671 | D:2      | 1671 ||| Stepping ~*~*~tactically~*~*~ (stealth).
  2225 | D:2      | 2225 ||| UPGRADING to +0 pair of gloves.
  2230 | D:2      | 2230 ||| READING scroll of enchant armour.
  2230 | D:2      | 2230 ||| ENCHANTING +0 pair of gloves.
  2231 | D:2      | 2231 ||| DROPPING ring of magical power.
  2232 | D:2      | 2232 ||| READING scroll labelled MAKHLUC YROFYDD.
  2237 | D:2      | 2237 ||| DRINKING 2 sedimented golden potions.
  2273 | D:2      | 2273 ||| DROPPING potion of lignification.
  2307 | D:3      | 2307 ||| STAIRDANCE
  2312 | D:3      | 2312 ||| STAIRDANCE
  2323 | D:3      | Reached XP level 5. HP: 43/45 MP: 4/4
  2367 | D:3      | 2367 ||| Stepping ~*~*~tactically~*~*~ (stealth).
  2475 | D:3      | 2475 ||| FLEEEEING.
  2476 | D:3      | 2476 ||| FLEEEEING.
  2477 | D:3      | 2477 ||| FLEEEEING.
  2478 | D:3      | 2478 ||| FLEEEEING.
  2481 | D:3      | 2481 ||| FLEEEEING.
  2482 | D:3      | 2482 ||| FLEEEEING.
  2483 | D:3      | 2483 ||| FLEEEEING.
  2484 | D:3      | 2484 ||| FLEEEEING.
  2485 | D:3      | 2485 ||| FLEEEEING.
  2486 | D:3      | 2486 ||| FLEEEEING.
  2487 | D:3      | 2487 ||| FLEEEEING.
  2488 | D:3      | 2488 ||| FLEEEEING.
  2489 | D:3      | 2489 ||| FLEEEEING.
  2490 | D:3      | 2490 ||| FLEEEEING.
  2491 | D:3      | 2491 ||| FLEEEEING.
  2492 | D:3      | 2492 ||| FLEEEEING.
  2493 | D:3      | 2493 ||| FLEEEEING.
  2494 | D:3      | 2494 ||| FLEEEEING.
  2495 | D:3      | 2495 ||| FLEEEEING.
  2496 | D:3      | 2496 ||| FLEEEEING.
  2508 | D:3      | 2508 ||| FLEEEEING.
  2509 | D:3      | 2509 ||| FLEEEEING.
  2510 | D:3      | 2510 ||| FLEEEEING.
  2511 | D:3      | 2511 ||| INVOKING Berserk.
  2650 | D:3      | 2650 ||| SWAPPING to +1 hand axe of electrocution.
  2651 | D:3      | 2651 ||| DROPPING +0 hand axe.
  2714 | D:3      | Reached *** piety under Trog
  2725 | D:3      | 2725 ||| SWAPPING to +0 war axe.
  2726 | D:3      | 2726 ||| DROPPING +1 hand axe of electrocution.
  2806 | D:3      | 2806 ||| Stepping ~*~*~tactically~*~*~ (stealth).
  2807 | D:3      | 2807 ||| Stepping ~*~*~tactically~*~*~ (stealth).
  2825 | D:3      | Reached skill level 7 in Axes
  2860 | D:3      | 2860 ||| Stepping ~*~*~tactically~*~*~ (stealth).
  2862 | D:3      | 2862 ||| Stepping ~*~*~tactically~*~*~ (stealth).
  3217 | D:3      | 3217 ||| UPGRADING to +1 leather armour of poison
                  | resistance.
  3227 | D:3      | 3227 ||| DROPPING +0 ring mail.
  3228 | D:3      | 3228 ||| UPGRADING to +0 scale mail.
  3238 | D:3      | 3238 ||| DROPPING +1 leather armour of poison resistance.
  3239 | D:3      | 3239 ||| READING 2 scrolls labelled PONIGI TIUGG.
  3240 | D:3      | 3240 ||| READING scroll labelled DEGAHA LIGIKE.
  3241 | D:3      | 3241 ||| DROPPING scroll of butterflies.
  3281 | D:4      | Noticed a black bear
  3286 | D:4      | 3286 ||| INVOKING Berserk.
  3289 | D:4      | Killed a black bear
  3290 | D:4      | Reached XP level 6. HP: 56/56 MP: 5/5
  3393 | D:4      | 3393 ||| Stepping ~*~*~tactically~*~*~ (stealth).
  3399 | D:4      | 3399 ||| Stepping ~*~*~tactically~*~*~ (stealth).
  3414 | D:4      | 3414 ||| Stepping ~*~*~tactically~*~*~ (stealth).
  3475 | D:4      | 3475 ||| DROPPING +0 whip.
  3912 | D:4      | 3912 ||| READING scroll labelled HUZANI YSKU.
  3913 | D:4      | 3913 ||| READING scroll labelled BEROUGUASY.
  3914 | D:4      | 3914 ||| READING scroll labelled YSUEKA QUBIT.
  4015 | D:4      | 4015 ||| DRINKING 2 black potions.
  4016 | D:4      | 4016 ||| DROPPING potion of degeneration.
  4126 | D:5      | Entered Level 5 of the Dungeon
  4177 | D:5      | 4177 ||| INVOKING Berserk.
  4179 | D:5      | Reached skill level 8 in Axes
  4298 | D:5      | 4298 ||| INVOKING Berserk.
  4300 | D:5      | Reached XP level 7. HP: 61/61 MP: 6/6
  4443 | D:5      | Reached skill level 9 in Axes
  4608 | D:5      | Found an ancient bone altar of Kikubaaqudgha.
  4718 | D:5      | Reached skill level 10 in Axes
  4820 | D:5      | Reached skill level 6 in Fighting
  4970 | D:5      | 4970 ||| Stepping ~*~*~tactically~*~*~ (stealth).
  4991 | D:5      | Reached XP level 8. HP: 67/70 MP: 7/7
  5012 | D:5      | 5012 ||| READING scroll of enchant weapon.
  5012 | D:5      | 5012 ||| ENCHANTING +1 war axe.
  5023 | D:5      | 5023 ||| Stepping ~*~*~tactically~*~*~ (stealth).
  5025 | D:5      | 5025 ||| Stepping ~*~*~tactically~*~*~ (stealth).
  5027 | D:5      | 5027 ||| Stepping ~*~*~tactically~*~*~ (stealth).
  5029 | D:5      | 5029 ||| Stepping ~*~*~tactically~*~*~ (hiding).
  5033 | D:5      | 5033 ||| INVOKING Berserk.
  5043 | D:5      | Found an iron altar of Okawaru.
  5044 | D:5      | 5044 ||| Stepping ~*~*~tactically~*~*~ (hiding).
  5209 | D:5      | 5209 ||| Stepping ~*~*~tactically~*~*~ (stealth).
  5214 | D:5      | 5214 ||| INVOKING Berserk.
  5219 | D:5      | Reached **** piety under Trog
  5530 | D:5      | 5530 ||| INVOKING Berserk.
  5533 | D:5      | Reached skill level 11 in Axes
  5639 | D:5      | 5639 ||| UPGRADING to +0 cloak.
  5644 | D:5      | 5644 ||| UPGRADING to +0 pair of boots.
  5649 | D:5      | 5649 ||| READING 3 scrolls labelled JAANOTT AGIARPH.
  5650 | D:5      | 5650 ||| DRINKING 2 bubbling pink potions.
  5651 | D:5      | 5651 ||| READING 2 scrolls of identify.
  5651 | D:5      | 5651 ||| IDENTIFYING silvery potion
  5652 | D:5      | 5652 ||| DROPPING 2 scrolls of blinking.
  5653 | D:5      | 5653 ||| DROPPING potion of brilliance.
  5654 | D:5      | 5654 ||| DROPPING potion of flight.
  5692 | D:6      | Noticed Sigmund
  5693 | D:6      | 5693 ||| Stepping ~*~*~tactically~*~*~ (hiding).
  5698 | D:6      | 5698 ||| INVOKING Berserk.
  5702 | D:6      | Killed Sigmund
  5892 | D:6      | 5892 ||| Stepping ~*~*~tactically~*~*~ (hiding).
  5897 | D:6      | 5897 ||| INVOKING Berserk.
  5901 | D:6      | Reached skill level 12 in Axes
  5931 | D:6      | 5931 ||| Stepping ~*~*~tactically~*~*~ (stealth).
  5935 | D:6      | 5935 ||| Stepping ~*~*~tactically~*~*~ (stealth).
  5936 | D:6      | 5936 ||| INVOKING Berserk.
  5965 | D:6      | 5965 ||| Stepping ~*~*~tactically~*~*~ (stealth).
  5966 | D:6      | 5966 ||| Stepping ~*~*~tactically~*~*~ (stealth).
  5986 | D:6      | 5986 ||| Stepping ~*~*~tactically~*~*~ (stealth).
  6017 | D:6      | 6017 ||| Stepping ~*~*~tactically~*~*~ (stealth).
  6077 | D:6      | 6077 ||| Stepping ~*~*~tactically~*~*~ (hiding).
  6087 | D:6      | 6087 ||| Stepping ~*~*~tactically~*~*~ (hiding).
  6093 | D:6      | 6093 ||| Stepping ~*~*~tactically~*~*~ (hiding).
  6096 | D:6      | 6096 ||| Stepping ~*~*~tactically~*~*~ (stealth).
  6100 | D:6      | 6100 ||| INVOKING Berserk.
  6110 | D:6      | Reached XP level 9. HP: 79/79 MP: 8/8
  6222 | D:6      | 6222 ||| INVOKING Berserk.
  6329 | D:6      | 6329 ||| Stepping ~*~*~tactically~*~*~ (stealth).
  6335 | D:6      | 6335 ||| Stepping ~*~*~tactically~*~*~ (stealth).
  6336 | D:6      | 6336 ||| Stepping ~*~*~tactically~*~*~ (stealth).
  6369 | D:6      | 6369 ||| Stepping ~*~*~tactically~*~*~ (stealth).
  6374 | D:6      | 6374 ||| Stepping ~*~*~tactically~*~*~ (stealth).
  6380 | D:6      | 6380 ||| Stepping ~*~*~tactically~*~*~ (stealth).
  6389 | D:6      | Reached skill level 13 in Axes
  6393 | D:6      | Reached skill level 3 in Dodging
  6634 | D:6      | 6634 ||| DROPPING amulet of faith.
  6635 | D:6      | 6635 ||| READING scroll labelled GOEMNURUCK.
  6645 | D:7      | 6645 ||| PLANNING OSSUARY
  6661 | D:7      | 6661 ||| INVOKING Berserk.
  6688 | D:7      | 6688 ||| Stepping ~*~*~tactically~*~*~ (stealth).
  6689 | D:7      | 6689 ||| Stepping ~*~*~tactically~*~*~ (stealth).
  6716 | D:7      | 6716 ||| INVOKING Berserk.
  6994 | D:7      | Found a sand-covered staircase.
  6995 | D:7      | 6995 ||| DRINKING 2 sapphire potions.
  7004 | Ossuary  | Entered an ossuary
  7242 | Ossuary  | 7242 ||| Stepping ~*~*~tactically~*~*~ (stealth).
  7290 | Ossuary  | Reached skill level 14 in Axes
  7303 | Ossuary  | 7303 ||| READING scroll of enchant armour.
  7303 | Ossuary  | 7303 ||| ENCHANTING +1 pair of gloves.
  7361 | Ossuary  | Reached ***** piety under Trog
  7369 | Ossuary  | 7369 ||| READING scroll labelled OTIRCHAA JIESTREU.
  7380 | D:7      | 7380 ||| PLANNING D:1-11
  7398 | D:7      | Found a blossoming altar of Fedhas.
  7494 | D:7      | Found a staircase to the Ecumenical Temple.
  7508 | D:7      | Found Jitaoq's General Store.
  7525 | D:7      | 7525 ||| BUYING ring of protection from cold (325 gold).
  7525 | D:7      | Bought a ring of protection from cold for 325 gold pieces
  7525 | D:7      | 7525 ||| BUYING scroll of identify (26 gold).
  7525 | D:7      | Bought a scroll of identify for 26 gold pieces
  7556 | D:7      | 7556 ||| INVOKING Berserk.
  7797 | D:7      | 7797 ||| UPGRADING to ring of protection from cold.
  7798 | D:7      | 7798 ||| READING scroll labelled UNYEMY BODORPHO.
  7799 | D:7      | 7799 ||| DRINKING 2 pink potions.
  7800 | D:7      | 7800 ||| READING 2 scrolls of identify.
  7800 | D:7      | 7800 ||| IDENTIFYING emerald potion
  7801 | D:7      | 7801 ||| READING 4 scrolls of teleportation.
  7813 | D:8      | Noticed a two-headed ogre
  7816 | D:8      | 7816 ||| DRINKING potion of curing.
  7816 | D:8      | 7816 ||| (to cure confusion)
  7818 | D:8      | 7818 ||| INVOKING Berserk.
  7822 | D:8      | Killed a two-headed ogre
  7823 | D:8      | Reached XP level 10. HP: 88/88 MP: 9/9
  7967 | D:8      | 7967 ||| DROPPING +0 flail.
  7989 | D:8      | 7989 ||| Stepping ~*~*~tactically~*~*~ (hiding).
  7990 | D:8      | 7990 ||| Stepping ~*~*~tactically~*~*~ (hiding).
  7991 | D:8      | 7991 ||| Stepping ~*~*~tactically~*~*~ (hiding).
  7992 | D:8      | 7992 ||| Stepping ~*~*~tactically~*~*~ (hiding).
  7993 | D:8      | 7993 ||| Stepping ~*~*~tactically~*~*~ (hiding).
  7994 | D:8      | 7994 ||| Stepping ~*~*~tactically~*~*~ (hiding).
  8012 | D:8      | 8012 ||| Stepping ~*~*~tactically~*~*~ (stealth).
  8021 | D:8      | 8021 ||| FLEEEEING.
  8022 | D:8      | 8022 ||| FLEEEEING.
  8023 | D:8      | 8023 ||| FLEEEEING.
  8024 | D:8      | 8024 ||| FLEEEEING.
  8025 | D:8      | 8025 ||| FLEEEEING.
  8026 | D:8      | 8026 ||| FLEEEEING.
  8027 | D:8      | 8027 ||| FLEEEEING.
  8028 | D:8      | 8028 ||| FLEEEEING.
  8029 | D:8      | 8029 ||| FLEEEEING.
  8030 | D:8      | 8030 ||| FLEEEEING.
  8031 | D:8      | 8031 ||| FLEEEEING.
  8032 | D:8      | 8032 ||| FLEEEEING.
  8033 | D:8      | 8033 ||| FLEEEEING.
  8034 | D:8      | 8034 ||| FLEEEEING.
  8035 | D:8      | 8035 ||| FLEEEEING.
  8036 | D:8      | 8036 ||| STAIRDANCE
  8151 | D:7      | 8151 ||| DRINKING 2 fuming purple potions.
  8151 | D:7      | Gained mutation: Your mind is acute. (Int +4, Str/Dex -1)
                  | [potion of mutation]
  8151 | D:7      | Gained mutation: Your magical capacity is low. (-10% MP)
                  | [potion of mutation]
  8151 | D:7      | Gained mutation: Your spells are a little harder to cast,
                  | but a little more powerful. [potion of mutation]
  8218 | D:8      | 8218 ||| Stepping ~*~*~tactically~*~*~ (stealth).
  8219 | D:8      | 8219 ||| Stepping ~*~*~tactically~*~*~ (stealth).
  8222 | D:8      | 8222 ||| Stepping ~*~*~tactically~*~*~ (stealth).
  8226 | D:8      | 8226 ||| Stepping ~*~*~tactically~*~*~ (stealth).
  8262 | D:8      | 8262 ||| Stepping ~*~*~tactically~*~*~ (stealth).
  8268 | D:8      | Reached skill level 15 in Axes
  8300 | D:8      | Reached skill level 9 in Fighting
  8501 | D:8      | 8501 ||| Stepping ~*~*~tactically~*~*~ (hiding).
  8804 | D:8      | Noticed a two-headed ogre
  8809 | D:8      | 8809 ||| INVOKING Berserk.
  8814 | D:8      | Killed a two-headed ogre
  8906 | D:8      | Found a sparkling altar of Nemelex Xobeh.
  8907 | D:8      | Noticed a two-headed ogre
  8909 | D:8      | 8909 ||| INVOKING Berserk.
  8914 | D:8      | Killed a two-headed ogre
  8915 | D:8      | Reached skill level 16 in Axes
  9003 | D:8      | Found a glowing silver altar of Zin.
  9093 | D:8      | 9093 ||| UPGRADING to +2 buckler.
  9098 | D:8      | 9098 ||| READING scroll labelled HEHOGH FUSUVE.
  9272 | D:8      | 9272 ||| READING 2 scrolls of identify.
  9272 | D:8      | 9272 ||| IDENTIFYING sedimented green potion
  9273 | D:8      | 9273 ||| DROPPING potion of invisibility.
  9299 | D:9      | Reached skill level 1 in Shields
  9340 | D:9      | Noticed a two-headed ogre
  9346 | D:9      | 9346 ||| INVOKING Berserk.
  9351 | D:9      | Killed a two-headed ogre
  9427 | D:9      | Noticed a two-headed ogre
  9433 | D:9      | 9433 ||| INVOKING Berserk.
  9440 | D:9      | Killed a two-headed ogre
  9617 | D:9      | Found a staircase to the Lair.
  9620 | D:9      | 9620 ||| Stepping ~*~*~tactically~*~*~ (hiding).
  9634 | D:9      | Reached XP level 11. HP: 96/97 MP: 8/8
  9681 | D:9      | 9681 ||| Stepping ~*~*~tactically~*~*~ (stealth).
  9688 | D:9      | Reached skill level 6 in Shields
  9733 | D:9      | Found a burning altar of Makhleb.
 10121 | D:9      | 10121 ||| Stepping ~*~*~tactically~*~*~ (hiding).
 10288 | D:9      | Identified the +1 robe of Curiosity {+Blink Regen+ Int+4}
 10365 | D:9      | 10365 ||| Stepping ~*~*~tactically~*~*~ (hiding).
 10374 | D:9      | Reached skill level 6 in Armour
 10431 | D:9      | 10431 ||| Stepping ~*~*~tactically~*~*~ (stealth).
 10434 | D:9      | 10434 ||| Stepping ~*~*~tactically~*~*~ (stealth).
 10441 | D:9      | 10441 ||| Stepping ~*~*~tactically~*~*~ (stealth).
 10448 | D:9      | 10448 ||| Stepping ~*~*~tactically~*~*~ (hiding).
 10582 | D:9      | 10582 ||| Stepping ~*~*~tactically~*~*~ (stealth).
 10584 | D:9      | 10584 ||| Stepping ~*~*~tactically~*~*~ (hiding).
 10641 | D:9      | Found a radiant altar of Vehumet.
 10692 | D:9      | Found a staircase to the Orcish Mines.
 10710 | D:9      | 10710 ||| INVOKING Berserk.
 10715 | D:9      | HP: 35/148 [gnoll sergeant/+0 trident (10)]
 10720 | D:9      | HP: 31/148 [poisoned by a kobold brigand]
 10725 | D:9      | HP: 17/148 [gnoll sergeant/+0 trident (12)]
 10730 | D:9      | HP: 12/148 [poisoned by a kobold brigand]
 11199 | D:9      | 11199 ||| PLANNING LAIR
 11199 | D:9      | 11199 ||| UPGRADING to +0 chain mail.
 11209 | D:9      | 11209 ||| DROPPING +0 scale mail.
 11210 | D:9      | 11210 ||| UPGRADING to ring of willpower.
 11212 | D:9      | 11212 ||| READING 2 scrolls of identify.
 11212 | D:9      | 11212 ||| IDENTIFYING fizzy coppery potion
 11213 | D:9      | 11213 ||| DROPPING potion of berserk rage.
 11266 | Lair:1   | Entered Level 1 of the Lair of Beasts
 11279 | Lair:1   | 11279 ||| INVOKING Berserk.
 11352 | Lair:1   | Identified the +0 chain mail "Iploshrece" {rF+++ Str-3 SInv
                  | Stlth+}
 11381 | Lair:1   | 11381 ||| INVOKING Berserk.
 11555 | Lair:1   | 11555 ||| INVOKING Berserk.
 11881 | Lair:1   | 11881 ||| INVOKING Berserk.
 12509 | Lair:1   | Reached skill level 9 in Armour
 12539 | Lair:1   | 12539 ||| Stepping ~*~*~tactically~*~*~ (stealth).
 12540 | Lair:1   | 12540 ||| Stepping ~*~*~tactically~*~*~ (stealth).
 12542 | Lair:1   | 12542 ||| Stepping ~*~*~tactically~*~*~ (stealth).
 12543 | Lair:1   | 12543 ||| Stepping ~*~*~tactically~*~*~ (stealth).
 12582 | Lair:1   | 12582 ||| Stepping ~*~*~tactically~*~*~ (stealth).
 12615 | Lair:1   | 12615 ||| Stepping ~*~*~tactically~*~*~ (stealth).
 12674 | Lair:1   | 12674 ||| INVOKING Berserk.
 12809 | Lair:1   | Noticed an eight-headed hydra
 12810 | Lair:1   | 12810 ||| INVOKING Brothers in Arms.
 12811 | Lair:1   | 12811 ||| INVOKING Brothers in Arms.
 12812 | Lair:1   | 12812 ||| SWAPPING to +2 flail of holy wrath.
 12813 | Lair:1   | 12813 ||| INVOKING Berserk.
 12815 | Lair:1   | Killed an eight-headed hydra
 12821 | Lair:1   | 12821 ||| SWAPPING to +2 war axe.
 13029 | Lair:1   | Noticed a fire dragon
 13032 | Lair:1   | 13032 ||| INVOKING Berserk.
 13041 | Lair:1   | Killed a fire dragon
 13159 | Lair:1   | 13159 ||| DROPPING +2 flail of holy wrath.
 13279 | Lair:1   | 13279 ||| UPGRADING to +0 chain mail "Iploshrece" {rF+++
                  | Str-3 SInv Stlth+}.
 13289 | Lair:1   | 13289 ||| READING scroll labelled EHIPUG ZECUSUSHA.
 13290 | Lair:1   | 13290 ||| READING 4 scrolls of identify.
 13290 | Lair:1   | 13290 ||| IDENTIFYING fuming brown potion
 13291 | Lair:1   | 13291 ||| READING 3 scrolls of identify.
 13291 | Lair:1   | 13291 ||| IDENTIFYING grey potion
 13292 | Lair:1   | 13292 ||| READING 2 scrolls of identify.
 13292 | Lair:1   | 13292 ||| IDENTIFYING brown potion
 13293 | Lair:1   | 13293 ||| DROPPING potion of ambrosia.
 13294 | Lair:1   | 13294 ||| DROPPING potion of attraction.
 13319 | Lair:2   | 13319 ||| INVOKING Berserk.
 13326 | Lair:2   | 13326 ||| STAIRDANCE
 13473 | Lair:2   | 13473 ||| INVOKING Berserk.
 13476 | Lair:2   | Reached skill level 12 in Fighting
 13645 | Lair:2   | 13645 ||| INVOKING Berserk.
 13649 | Lair:2   | Reached XP level 12. HP: 112/112 MP: 9/9
 13686 | Lair:2   | Found a hole to the Spider Nest.
 13758 | Lair:2   | 13758 ||| DROPPING +3 war axe.
 13787 | Lair:2   | Noticed a five-headed hydra
 13788 | Lair:2   | 13788 ||| INVOKING Brothers in Arms.
 13789 | Lair:2   | 13789 ||| INVOKING Brothers in Arms.
 13790 | Lair:2   | 13790 ||| INVOKING Brothers in Arms.
 13791 | Lair:2   | 13791 ||| INVOKING Brothers in Arms.
 13792 | Lair:2   | 13792 ||| SWAPPING to +3 morningstar.
 13793 | Lair:2   | 13793 ||| INVOKING Berserk.
 13794 | Lair:2   | Killed a five-headed hydra
 13799 | Lair:2   | 13799 ||| SWAPPING to +2 war axe of draining.
 13925 | Lair:2   | Found a staircase to the Swamp.
 13950 | Lair:2   | Found a dark tunnel.
 14150 | Lair:2   | 14150 ||| Stepping ~*~*~tactically~*~*~ (stealth).
 14168 | Lair:2   | 14168 ||| Stepping ~*~*~tactically~*~*~ (stealth).
 14170 | Lair:2   | 14170 ||| Stepping ~*~*~tactically~*~*~ (stealth).
 14171 | Lair:2   | 14171 ||| Stepping ~*~*~tactically~*~*~ (stealth).
 14268 | Lair:2   | 14268 ||| READING scroll labelled ZEAG NEMAEL.
 14302 | Lair:3   | 14302 ||| STAIRDANCE
 14304 | Lair:2   | 14304 ||| INVOKING Berserk.
 14310 | Lair:2   | Reached skill level 3 in Throwing
 14417 | Lair:3   | 14417 ||| STAIRDANCE
 14419 | Lair:2   | 14419 ||| INVOKING Berserk.
 14557 | Lair:3   | 14557 ||| STAIRDANCE
 14559 | Lair:2   | 14559 ||| INVOKING Berserk.
 14626 | Lair:3   | 14626 ||| STAIRDANCE
 14628 | Lair:2   | 14628 ||| INVOKING Berserk.
 14740 | Lair:3   | 14740 ||| INVOKING Berserk.
 14752 | Lair:3   | 14752 ||| FLEEEEING.
 14753 | Lair:3   | 14753 ||| FLEEEEING.
 14754 | Lair:3   | 14754 ||| FLEEEEING.
 14755 | Lair:3   | 14755 ||| STAIRDANCE
 14832 | Lair:3   | 14832 ||| STAIRDANCE
 14880 | Lair:3   | 14880 ||| FLEEEEING.
 14881 | Lair:3   | 14881 ||| FLEEEEING.
 14882 | Lair:3   | 14882 ||| FLEEEEING.
 14883 | Lair:3   | 14883 ||| FLEEEEING.
 14884 | Lair:3   | 14884 ||| STAIRDANCE
 14907 | Lair:3   | 14907 ||| INVOKING Berserk.
 14917 | Lair:3   | 14917 ||| STAIRDANCE
 15107 | Lair:3   | You fall into a shaft and drop 1 floor!
 15107 | Lair:4   | Found a staircase to the Slime Pits.
 15107 | Lair:4   | Found a viscous altar of Jiyva.
 15281 | Lair:4   | 15281 ||| INVOKING Berserk.
 15291 | Lair:4   | HP: 42/172 [komodo dragon (7)]
 15632 | Lair:4   | 15632 ||| READING 4 scrolls of identify.
 15632 | Lair:4   | 15632 ||| IDENTIFYING fuming white potion
 16013 | Lair:3   | Noticed a death yak
 16015 | Lair:3   | Noticed a death yak
 16018 | Lair:3   | 16018 ||| INVOKING Berserk.
 16018 | Lair:3   | Noticed a death yak
 16026 | Lair:3   | Killed a death yak
 16027 | Lair:3   | Reached skill level 9 in Shields
 16028 | Lair:3   | Killed a death yak
 16036 | Lair:3   | Killed a death yak
 16419 | Lair:3   | 16419 ||| Stepping ~*~*~tactically~*~*~ (stealth).
 16421 | Lair:3   | 16421 ||| Stepping ~*~*~tactically~*~*~ (stealth).
 16424 | Lair:3   | 16424 ||| Stepping ~*~*~tactically~*~*~ (stealth).
 16428 | Lair:3   | 16428 ||| Stepping ~*~*~tactically~*~*~ (stealth).
 16440 | Lair:3   | Reached XP level 13. HP: 91/124 MP: 10/10
 16724 | Lair:3   | 16724 ||| READING scroll labelled RISOW FYAL.
 16924 | Lair:4   | 16924 ||| Stepping ~*~*~tactically~*~*~ (stealth).
 16931 | Lair:4   | 16931 ||| INVOKING Berserk.
 16940 | Lair:4   | Reached skill level 12 in Armour
 17424 | Lair:5   | Entered Level 5 of the Lair of Beasts
 17428 | Lair:5   | 17428 ||| STAIRDANCE
 17468 | Lair:5   | 17468 ||| STAIRDANCE
 17487 | Lair:5   | 17487 ||| STAIRDANCE
 17638 | Lair:5   | 17638 ||| INVOKING Berserk.
 17782 | Lair:5   | 17782 ||| INVOKING Berserk.
 17794 | Lair:5   | 17794 ||| Stepping ~*~*~tactically~*~*~ (stealth).
 17854 | Lair:5   | 17854 ||| Stepping ~*~*~tactically~*~*~ (stealth).
 17867 | Lair:5   | 17867 ||| Stepping ~*~*~tactically~*~*~ (stealth).
 17869 | Lair:5   | 17869 ||| Stepping ~*~*~tactically~*~*~ (hiding).
 17872 | Lair:5   | 17872 ||| Stepping ~*~*~tactically~*~*~ (stealth).
 17873 | Lair:5   | 17873 ||| INVOKING Berserk.
 17883 | Lair:5   | Reached skill level 15 in Fighting
 17919 | Lair:5   | 17919 ||| Stepping ~*~*~tactically~*~*~ (stealth).
 17920 | Lair:5   | 17920 ||| Stepping ~*~*~tactically~*~*~ (stealth).
 18025 | Lair:5   | Reached skill level 6 in Dodging
 18027 | Lair:5   | 18027 ||| INVOKING Brothers in Arms.
 18030 | Lair:5   | 18030 ||| INVOKING Berserk.
 18071 | Lair:5   | 18071 ||| Stepping ~*~*~tactically~*~*~ (stealth).
 18110 | Lair:5   | 18110 ||| INVOKING Berserk.
 18256 | Lair:5   | Paralysed by a hornet for 1 turns
 18259 | Lair:5   | 18259 ||| INVOKING Berserk.
 18408 | Lair:5   | 18408 ||| Stepping ~*~*~tactically~*~*~ (stealth).
 18418 | Lair:5   | 18418 ||| Stepping ~*~*~tactically~*~*~ (stealth).
 18435 | Lair:5   | 18435 ||| Stepping ~*~*~tactically~*~*~ (stealth).
 18436 | Lair:5   | 18436 ||| INVOKING Berserk.
 18540 | Lair:5   | 18540 ||| INVOKING Berserk.
 18730 | Lair:5   | 18730 ||| INVOKING Berserk.
 18903 | Lair:5   | 18903 ||| Stepping ~*~*~tactically~*~*~ (stealth).
 18905 | Lair:5   | 18905 ||| Stepping ~*~*~tactically~*~*~ (stealth).
 18906 | Lair:5   | 18906 ||| Stepping ~*~*~tactically~*~*~ (stealth).
 18909 | Lair:5   | 18909 ||| Stepping ~*~*~tactically~*~*~ (stealth).
 18912 | Lair:5   | 18912 ||| Stepping ~*~*~tactically~*~*~ (stealth).
 18969 | Lair:5   | 18969 ||| FLEEEEING.
 18970 | Lair:5   | 18970 ||| FLEEEEING.
 18971 | Lair:5   | 18971 ||| FLEEEEING.
 18972 | Lair:5   | 18972 ||| FLEEEEING.
 18973 | Lair:5   | 18973 ||| FLEEEEING.
 18974 | Lair:5   | 18974 ||| FLEEEEING.
 18975 | Lair:5   | 18975 ||| FLEEEEING.
 18976 | Lair:5   | 18976 ||| FLEEEEING.
 18977 | Lair:5   | 18977 ||| FLEEEEING.
 18978 | Lair:5   | 18978 ||| FLEEEEING.
 18979 | Lair:5   | 18979 ||| FLEEEEING.
 18980 | Lair:5   | 18980 ||| FLEEEEING.
 18981 | Lair:5   | 18981 ||| FLEEEEING.
 18982 | Lair:5   | 18982 ||| FLEEEEING.
 18983 | Lair:5   | 18983 ||| FLEEEEING.
 18984 | Lair:5   | 18984 ||| FLEEEEING.
 18985 | Lair:5   | 18985 ||| FLEEEEING.
 18986 | Lair:5   | 18986 ||| FLEEEEING.
 18987 | Lair:5   | 18987 ||| FLEEEEING.
 18989 | Lair:5   | 18989 ||| FLEEEEING.
 18990 | Lair:5   | 18990 ||| FLEEEEING.
 18991 | Lair:5   | 18991 ||| FLEEEEING.
 18992 | Lair:5   | 18992 ||| FLEEEEING.
 18993 | Lair:5   | 18993 ||| FLEEEEING.
 18994 | Lair:5   | 18994 ||| FLEEEEING.
 18995 | Lair:5   | 18995 ||| FLEEEEING.
 19000 | Lair:5   | 19000 ||| FLEEEEING.
 19001 | Lair:5   | 19001 ||| FLEEEEING.
 19005 | Lair:5   | 19005 ||| FLEEEEING.
 19006 | Lair:5   | 19006 ||| FLEEEEING.
 19007 | Lair:5   | 19007 ||| FLEEEEING.
 19008 | Lair:5   | 19008 ||| FLEEEEING.
 19009 | Lair:5   | 19009 ||| FLEEEEING.
 19010 | Lair:5   | 19010 ||| FLEEEEING.
 19012 | Lair:5   | 19012 ||| FLEEEEING.
 19014 | Lair:5   | 19014 ||| FLEEEEING.
 19018 | Lair:5   | 19018 ||| FLEEEEING.
 19019 | Lair:5   | 19019 ||| FLEEEEING.
 19020 | Lair:5   | 19020 ||| FLEEEEING.
 19021 | Lair:5   | 19021 ||| FLEEEEING.
 19022 | Lair:5   | 19022 ||| FLEEEEING.
 19023 | Lair:5   | 19023 ||| FLEEEEING.
 19024 | Lair:5   | 19024 ||| FLEEEEING.
 19025 | Lair:5   | 19025 ||| FLEEEEING.
 19028 | Lair:5   | 19028 ||| FLEEEEING.
 19029 | Lair:5   | 19029 ||| FLEEEEING.
 19030 | Lair:5   | 19030 ||| FLEEEEING.
 19031 | Lair:5   | 19031 ||| FLEEEEING.
 19032 | Lair:5   | 19032 ||| FLEEEEING.
 19033 | Lair:5   | 19033 ||| FLEEEEING.
 19034 | Lair:5   | 19034 ||| FLEEEEING.
 19042 | Lair:5   | 19042 ||| FLEEEEING.
 19043 | Lair:5   | 19043 ||| FLEEEEING.
 19044 | Lair:5   | 19044 ||| FLEEEEING.
 19045 | Lair:5   | 19045 ||| FLEEEEING.
 19046 | Lair:5   | 19046 ||| FLEEEEING.
 19047 | Lair:5   | 19047 ||| FLEEEEING.
 19048 | Lair:5   | 19048 ||| FLEEEEING.
 19049 | Lair:5   | 19049 ||| FLEEEEING.
 19050 | Lair:5   | 19050 ||| FLEEEEING.
 19053 | Lair:5   | 19053 ||| FLEEEEING.
 19054 | Lair:5   | 19054 ||| FLEEEEING.
 19055 | Lair:5   | 19055 ||| FLEEEEING.
 19056 | Lair:5   | 19056 ||| FLEEEEING.
 19057 | Lair:5   | 19057 ||| FLEEEEING.
 19058 | Lair:5   | 19058 ||| FLEEEEING.
 19059 | Lair:5   | 19059 ||| FLEEEEING.
 19060 | Lair:5   | 19060 ||| FLEEEEING.
 19061 | Lair:5   | 19061 ||| FLEEEEING.
 19066 | Lair:5   | 19066 ||| INVOKING Berserk.
 19245 | Lair:5   | Found a runed translucent gate.
 19245 | Lair:5   | Found a runed translucent gate.
 19247 | Lair:5   | Found a runed translucent gate.
 19289 | Lair:5   | Noticed qw's ghost (journeyman TeWr)
 19563 | Lair:5   | 19563 ||| INVOKING Berserk.
 19940 | Lair:5   | 19940 ||| PLANNING D:1-11
 19940 | Lair:5   | 19940 ||| DROPPING +0 chain mail.
 19941 | Lair:5   | 19941 ||| UPGRADING to +2 plate armour of poison
                  | resistance.
 19951 | Lair:5   | 19951 ||| UPGRADING to amulet of reflection.
 20060 | D:10     | Entered Level 10 of the Dungeon
 20099 | D:10     | Found Facycio's Demolitions Depot.
 20100 | D:10     | 20100 ||| Stepping ~*~*~tactically~*~*~ (stealth).
 20188 | D:10     | 20188 ||| Stepping ~*~*~tactically~*~*~ (stealth).
 20528 | D:10     | 20528 ||| INVOKING Berserk.
 20854 | D:10     | Found Nuojebom's General Store.
 20862 | D:10     | 20862 ||| BUYING potion of mutation (88 gold).
 20862 | D:10     | Bought a potion of mutation for 88 gold pieces
 20862 | D:10     | 20862 ||| BUYING scroll of identify (22 gold).
 20862 | D:10     | Bought a scroll of identify for 22 gold pieces
 20862 | D:10     | 20862 ||| BUYING scroll of teleportation (33 gold).
 20862 | D:10     | Bought a scroll of teleportation for 33 gold pieces
 20916 | D:10     | Found a runed translucent gate.
 20916 | D:10     | Found a runed translucent gate.
 20917 | D:10     | Found a runed translucent gate.
 20918 | D:10     | Noticed Vadot's ghost (journeyman TrCA)
 20918 | D:10     | Noticed Plog's ghost (journeyman KoBr)
 20919 | D:10     | Noticed qw's ghost (novice MiBe)
 20919 | D:10     | Noticed qw's ghost (novice MiBe)
 20920 | D:10     | Found the ring of Shadows {Umbra +Inv Stlth+}
 20987 | D:10     | Found a bloodstained altar of Trog.
 20988 | D:10     | Found a sacrificial altar of Ru.
 20994 | D:10     | Found a hide-covered altar of Uskayaw.
 20994 | D:10     | Found a shadowy altar of Dithmenos.
 20995 | D:10     | Found an ornate altar of the Wu Jian Council.
 20996 | D:10     | Found a hazy altar of Hepliaklqana.
 21077 | D:10     | 21077 ||| READING scroll labelled VANOYQUCSA.
 21078 | D:10     | 21078 ||| READING 5 scrolls of identify.
 21078 | D:10     | 21078 ||| IDENTIFYING puce potion
 21079 | D:10     | 21079 ||| DROPPING potion of magic.
 21144 | D:11     | 21144 ||| Stepping ~*~*~tactically~*~*~ (hiding).
 21146 | D:11     | 21146 ||| Stepping ~*~*~tactically~*~*~ (hiding).
 21148 | D:11     | 21148 ||| Stepping ~*~*~tactically~*~*~ (hiding).
 21153 | D:11     | 21153 ||| Stepping ~*~*~tactically~*~*~ (hiding).
 21178 | D:11     | Reached XP level 14. HP: 137/137 MP: 11/11
 21228 | D:11     | 21228 ||| Stepping ~*~*~tactically~*~*~ (hiding).
 21229 | D:11     | 21229 ||| Stepping ~*~*~tactically~*~*~ (hiding).
 21302 | D:11     | 21302 ||| Stepping ~*~*~tactically~*~*~ (hiding).
 21629 | D:11     | 21629 ||| Stepping ~*~*~tactically~*~*~ (stealth).
 22054 | D:11     | 22054 ||| DROPPING amulet of guardian spirit.
 22262 | D:10     | 22262 ||| PLANNING D
 22665 | D:12     | Received a gift from Trog
 22702 | D:12     | 22702 ||| SWAPPING to +1 broad axe.
 22703 | D:12     | 22703 ||| DROPPING +2 war axe of draining.
 22969 | D:12     | 22969 ||| INVOKING Brothers in Arms.
 22970 | D:12     | 22970 ||| INVOKING Berserk.
 22982 | D:12     | 22982 ||| SWAPPING to +3 morningstar.
 22990 | D:12     | 22990 ||| SWAPPING to +1 broad axe.
 23197 | D:12     | 23197 ||| DROPPING amulet of regeneration.
 23387 | D:13     | Reached skill level 17 in Axes
 23502 | D:13     | 23502 ||| DRINKING 2 potions of curing.
 23502 | D:13     | 23502 ||| (to cure confusion)
 23503 | D:13     | 23503 ||| INVOKING Trog's Hand.
 23513 | D:13     | 23513 ||| Stepping ~*~*~tactically~*~*~ (stealth).
 23514 | D:13     | 23514 ||| Stepping ~*~*~tactically~*~*~ (stealth).
 24042 | D:13     | Noticed Snorg
 24043 | D:13     | 24043 ||| INVOKING Brothers in Arms.
 24046 | D:13     | 24046 ||| INVOKING Berserk.
 24060 | D:13     | Killed Snorg
 24087 | D:13     | 24087 ||| INVOKING Brothers in Arms.
 24089 | D:13     | HP: 26/137 [vault guard/+0 battleaxe (16)]
 24090 | D:13     | 24090 ||| READING 12 scrolls of teleportation.
 24091 | D:13     | 24091 ||| DRINKING 3 potions of heal wounds.
 24091 | D:13     | Found a gate to the Vaults.
 24096 | D:13     | HP: 19/137 [vault guard/+0 battleaxe (19)]
 24097 | D:13     | 24097 ||| READING 11 scrolls of teleportation.
 24098 | D:13     | 24098 ||| DRINKING 2 potions of heal wounds.
 24099 | D:13     | 24099 ||| DRINKING potion of heal wounds.
 24490 | D:13     | 24490 ||| Stepping ~*~*~tactically~*~*~ (stealth).
 24496 | D:13     | 24496 ||| Stepping ~*~*~tactically~*~*~ (stealth).
 24497 | D:13     | 24497 ||| Stepping ~*~*~tactically~*~*~ (stealth).
 24504 | D:13     | 24504 ||| FLEEEEING.
 24505 | D:13     | 24505 ||| FLEEEEING.
 24506 | D:13     | 24506 ||| FLEEEEING.
 24507 | D:13     | 24507 ||| FLEEEEING.
 24508 | D:13     | 24508 ||| FLEEEEING.
 24509 | D:13     | 24509 ||| FLEEEEING.
 24510 | D:13     | 24510 ||| FLEEEEING.
 24511 | D:13     | 24511 ||| STAIRDANCE
 24605 | D:13     | Reached skill level 18 in Axes
 24651 | D:13     | 24651 ||| UPGRADING to +0 kite shield.
 24661 | D:13     | 24661 ||| DROPPING +2 buckler.
 24662 | D:13     | 24662 ||| UPGRADING to +0 tower shield.
 24672 | D:13     | 24672 ||| DROPPING +0 kite shield.
 24865 | D:14     | 24865 ||| READING 3 scrolls of enchant weapon.
 24865 | D:14     | 24865 ||| ENCHANTING +1 broad axe.
 24866 | D:14     | 24866 ||| READING 2 scrolls of enchant weapon.
 24866 | D:14     | 24866 ||| ENCHANTING +2 broad axe.
 24867 | D:14     | 24867 ||| READING scroll of enchant weapon.
 24867 | D:14     | 24867 ||| ENCHANTING +3 broad axe.
 24870 | D:14     | 24870 ||| Stepping ~*~*~tactically~*~*~ (hiding).
 24872 | D:14     | 24872 ||| Stepping ~*~*~tactically~*~*~ (hiding).
 24874 | D:14     | 24874 ||| Stepping ~*~*~tactically~*~*~ (hiding).
 24875 | D:14     | 24875 ||| Stepping ~*~*~tactically~*~*~ (hiding).
 24876 | D:14     | 24876 ||| Stepping ~*~*~tactically~*~*~ (hiding).
 24879 | D:14     | 24879 ||| INVOKING Brothers in Arms.
 24880 | D:14     | 24880 ||| INVOKING Brothers in Arms.
 24881 | D:14     | 24881 ||| INVOKING Brothers in Arms.
 24882 | D:14     | 24882 ||| SWAPPING to +3 morningstar.
 24883 | D:14     | 24883 ||| INVOKING Berserk.
 24890 | D:14     | 24890 ||| SWAPPING to +4 broad axe.
 25047 | D:14     | Found Fehof's Magic Scroll Emporium.
 25054 | D:14     | 25054 ||| BUYING scroll of identify (30 gold).
 25054 | D:14     | Bought a scroll of identify for 30 gold pieces
 25054 | D:14     | 25054 ||| BUYING scroll of identify (30 gold).
 25054 | D:14     | Bought a scroll of identify for 30 gold pieces
 25054 | D:14     | 25054 ||| BUYING scroll of identify (30 gold).
 25054 | D:14     | Bought a scroll of identify for 30 gold pieces
 25054 | D:14     | 25054 ||| BUYING scroll of teleportation (45 gold).
 25054 | D:14     | Bought a scroll of teleportation for 45 gold pieces
 25054 | D:14     | 25054 ||| BUYING scroll of teleportation (45 gold).
 25054 | D:14     | Bought a scroll of teleportation for 45 gold pieces
 25150 | D:14     | 25150 ||| INVOKING Brothers in Arms.
 25151 | D:14     | 25151 ||| INVOKING Brothers in Arms.
 25152 | D:14     | 25152 ||| INVOKING Brothers in Arms.
 25153 | D:14     | 25153 ||| INVOKING Brothers in Arms.
 25154 | D:14     | 25154 ||| SWAPPING to +3 morningstar.
 25155 | D:14     | 25155 ||| INVOKING Berserk.
 25166 | D:14     | 25166 ||| SWAPPING to +4 broad axe.
 25287 | D:14     | You fall into a shaft and drop 1 floor!
 25287 | D:15     | Entered Level 15 of the Dungeon
 25346 | D:15     | 25346 ||| Stepping ~*~*~tactically~*~*~ (stealth).
 25347 | D:15     | 25347 ||| Stepping ~*~*~tactically~*~*~ (stealth).
 25350 | D:15     | 25350 ||| Stepping ~*~*~tactically~*~*~ (hiding).
 25351 | D:15     | 25351 ||| Stepping ~*~*~tactically~*~*~ (hiding).
 25538 | D:15     | Reached skill level 12 in Shields
 25800 | D:15     | 25800 ||| Stepping ~*~*~tactically~*~*~ (stealth).
 25914 | D:15     | 25914 ||| Stepping ~*~*~tactically~*~*~ (stealth).
 25952 | D:15     | 25952 ||| Stepping ~*~*~tactically~*~*~ (stealth).
 25953 | D:15     | 25953 ||| Stepping ~*~*~tactically~*~*~ (stealth).
 25992 | D:15     | 25992 ||| INVOKING Berserk.
 26045 | D:15     | 26045 ||| INVOKING Berserk.
 26216 | D:15     | 26216 ||| DROPPING +0 chain mail of poison resistance.
 26402 | D:14     | 26402 ||| INVOKING Berserk.
 26466 | D:14     | 26466 ||| INVOKING Berserk.
 26757 | D:15     | 26757 ||| Stepping ~*~*~tactically~*~*~ (hiding).
 26819 | D:15     | Noticed Agnes
 26820 | D:15     | 26820 ||| INVOKING Berserk.
 26835 | D:15     | Killed Agnes
 26836 | D:15     | Reached XP level 15. HP: 144/144 MP: 12/12
 27242 | D:15     | Found a basalt altar of Yredelemnul.
 27285 | D:15     | 27285 ||| INVOKING Trog's Hand.
 27291 | D:15     | 27291 ||| INVOKING Berserk.
 27415 | D:15     | Found a staircase to the Depths.
 27439 | D:15     | 27439 ||| PLANNING ORC
 27631 | Orc:1    | Entered Level 1 of the Orcish Mines
 27631 | Orc:1    | Noticed an orc warlord
 27633 | Orc:1    | 27633 ||| INVOKING Trog's Hand.
 27638 | Orc:1    | 27638 ||| INVOKING Berserk.
 27661 | Orc:1    | HP: 52/216 [ogre/+0 giant club (6)]
 27664 | Orc:1    | Killed an orc warlord
 27665 | Orc:1    | Reached skill level 15 in Shields
 27666 | Orc:1    | HP: 40/216 [orc/+0 trident (4)]
 27669 | Orc:1    | 27669 ||| READING 14 scrolls of teleportation.
 27669 | Orc:1    | HP: 13/144 [orc warrior/+0 war axe (10)]
 27670 | Orc:1    | HP: 3/144 [orc warrior/+0 scimitar (12)]
 27670 | Orc:1    | Slain by an orc warrior

Levels and vault maps discovered:
D:1:      roderic_crossed_star, layout_basic,
          dreamdust_ecumenical_altar_drowned_temple
D:2:      layout_loops_ring, basic_altar, supply_closet_lemuel,
          reono_crystal_passage, st_stairs_13, serial_bayou_lake_a, uniq_natasha
D:3:      layout_loops_ring, kennysheep_generic_room_5
D:4:      layout_basic
D:5:      layout_rooms, amcnicky_altar_gilded,
          lemuel_mausoleum_altar_kikubaaqudgha
D:6:      layout_rooms, uniq_sigmund
D:7:      layout_loops_cross, fedhas_altar_2, minmay_temple_entry_from_below_b,
          serial_shops, shop, nicolae_ossuary_entry_monument, item_on_display_b
D:8:      layout_rooms, old_standard_altar, nicolae_overflow_crystal_walls,
          enter_bailey_7
D:9:      layout_loops_corners, mainiacjoe_overflow_catwalk,
          general_overflow_altar, dpeg_oklobed_lair,
          kennysheep_orc_monster_closet_entryway, kennysheep_decorative_pillar,
          hangedman_decor_peaks_small, corner_web_ring, minmay_fire_ice_demons
D:10:     layout_long_grid, minitemple, serial_shops, shop,
          gammafunk_ghost_cemetery, nicolae_blasting_shop
D:11:     layout_basic, roderic_malta_cross
D:12:     layout_loops_ring
D:13:     layout_roguey, ximxim_vaults_locker_room, uniq_snorg
D:14:     layout_small_grid, serial_shops, shop, minmay_holes, drop_trap
D:15:     grunt_enter_depths_magical_seal, layout_loops_ring,
          minmay_misc_feat_cross, lemuel_zombie_altar_yredelemnul, uniq_agnes
Lair:1:   dragon1_lemuel, layout_small_grid, chequers_serial_rivers_room_a,
          grunt_megastairs_3
Lair:2:   layout_misc_corridors, minmay_swamp_entry_swarm,
          spider_nest_entry_web_field, enter_volcano_1
Lair:3:   layout_chaotic_city, grunt_megastairs_2, lemuel_fruit_fields
Lair:4:   layout_roguey, slime_entry_1, amcnicky_mini_pool_medium,
          lemuel_fruit_fields, lemuel_fruit_fields
Lair:5:   minmay_lair_end_enchanted_forest, layout_long_grid,
          gammafunk_ghost_necromancy, serial_bayou_pond_d, grunt_megastairs_5,
          lemuel_fruit_tree
Orc:1:    layout_diamond_mine, nicolae_orc_rockfall, mines_bat_river

Skill      XL: |  1  2  3  4  5  6  7  8  9 10 11 12 13 14 15 |
---------------+----------------------------------------------+-----
Axes           | 4 5 6 7 8 10 12 14 16 18 | 18.0
Throwing       | 2 4 |  4.4
Fighting       | 5 6 7 8 9 12 14 16 | 16.2
Armour         | 4 5 9 11 13 14 | 14.6
Dodging        | 3 4 5 6 |  6.0
Shields        | 5 7 9 10 14 15 | 15.0

Action                   |  1- 3 |  4- 6 |  7- 9 | 10-12 | 13-15 || total
-------------------------+-------+-------+-------+-------+-------++-------
Melee: Hand axe          |    63 |    49 |       |       |       ||   112
       Headbutt          |     8 |    19 |    44 |   107 |   203 ||   381
       War axe           |       |    51 |   276 |   560 |   417 ||  1304
       Punch             |       |     1 |     4 |       |       ||     5
       Flail             |       |       |       |     2 |       ||     2
       Morningstar       |       |       |       |     1 |    12 ||    13
       Broad axe         |       |       |       |       |   401 ||   401
Throw: Javelin           |    20 |    22 |       |    10 |    10 ||    62
       Boomerang         |       |    16 |    33 |    11 |    83 ||   143
Invok: Berserk           |     2 |     5 |    12 |    24 |    24 ||    67
       Brothers in Arms  |       |       |       |     2 |     6 ||     8
       Trog's Hand       |       |       |       |       |     3 ||     3
  Use: Scroll            |     1 |     7 |     9 |     9 |     9 ||    35
       Potion            |       |     2 |     4 |     1 |     4 ||    11
Armor: Animal skin       |    14 |       |       |       |       ||    14
       Ring mail         |       |    14 |       |       |       ||    14
       Scale mail        |       |    12 |    78 |    76 |       ||   166
       Chain mail        |       |       |       |   141 |   102 ||   243
       Plate armour      |       |       |       |       |   187 ||   187
Dodge: Dodged            |    47 |    45 |    79 |   187 |   207 ||   565
Block: Buckler           |       |       |       |   136 |   227 ||   363
       Reflection        |       |       |       |       |    12 ||    12
       Tower shield      |       |       |       |       |   224 ||   224

Table legend:
 A = Non-vault XP
 B = Vault XP
 C = Vault XP percentage of total XP
 D = Non-vault monster count
 E = Vault monster count
 F = Vault count percentage of total count
                 A         B        C        D         E       F
            +---------+---------+-------+---------+---------+-------
      Total |   82873 |   28914 |  25.9 |     466 |     173 |  27.1
            +---------+---------+-------+---------+---------+-------
        D:1 |      43 |       1 |   2.3 |      27 |       1 |   3.6
        D:2 |     106 |      38 |  26.4 |      22 |       2 |   8.3
        D:3 |     109 |       2 |   1.8 |      26 |       2 |   7.1
        D:4 |     233 |       0 |   0.0 |      13 |       0 |   0.0
        D:5 |     665 |     549 |  45.2 |      23 |      12 |  34.3
        D:6 |    1622 |     243 |  13.0 |      21 |       1 |   4.5
        D:7 |    1042 |       0 |   0.0 |      11 |       0 |   0.0
        D:8 |    4115 |      21 |   0.5 |      32 |       4 |  11.1
        D:9 |    3113 |    1291 |  29.3 |      28 |      22 |  44.0
       D:10 |    3577 |       0 |   0.0 |      24 |       0 |   0.0
       D:11 |    4097 |       0 |   0.0 |      26 |       0 |   0.0
       D:12 |    3728 |       0 |   0.0 |      14 |       0 |   0.0
       D:13 |    4198 |    5828 |  58.1 |      12 |      12 |  50.0
       D:14 |    7714 |       0 |   0.0 |      15 |       0 |   0.0
       D:15 |   12611 |    6654 |  34.5 |      23 |      12 |  34.3
     Lair:1 |    5034 |    1809 |  26.4 |      23 |       3 |  11.5
     Lair:2 |    4509 |    1284 |  22.2 |      17 |       7 |  29.2
     Lair:3 |    8307 |    1201 |  12.6 |      25 |       7 |  21.9
     Lair:4 |    6219 |    1614 |  20.6 |      26 |       7 |  21.2
     Lair:5 |    8714 |    8084 |  48.1 |      32 |      45 |  58.4
      Orc:1 |    3117 |       0 |   0.0 |      26 |       0 |   0.0
    Ossuary |       0 |     295 | 100.0 |       0 |      36 | 100.0
            +---------+---------+-------+---------+---------+-------
